 Dungeon Crawl Stone Soup version 0.20.1-1-g8b1a95d (webtiles) character file.

112 Michaellaneous the Conjurer (level 4, -3/33 HPs)
             Began as a Demigod Conjurer on Oct 26, 2017.
             Slain by a gnoll
             ... wielding a +0 halberd
              (13 damage)
             ... on level 3 of the Dungeon.
             The game lasted 00:11:40 (2171 turns).

Michaellaneous the Conjurer (Demigod Conjurer)      Turns: 2171, Time: 00:11:40

Health: -3/33      AC:  2    Str: 11    XL:     4   Next: 38%
Magic:  0/11       EV: 13    Int: 21    God:
Gold:   58         SH:  0    Dex: 16    Spells: 2/8 levels left

rFire    x . .     SeeInvis +   u - +0 dagger
rCold    + . .     Gourm    .   (no shield)
rNeg     . . .     Faith    .   a - +0 robe
rPois    .         Spirit   .   (no helmet)
rElec    .         Reflect  .   (no cloak)
rCorr    .         Harm     .   (no gloves)
MR       .....                  (no boots)
Stlth    ++........             (no amulet)
Regen    0.2/turn               p - ring of ice
MPRegen  0.2/turn               t - ring of see invisible

@: no status effects
A: high mp 1
a: no special abilities


You were on level 3 of the Dungeon.
You were hungry.

You visited 1 branch of the dungeon, and saw 3 of its levels.

You collected 58 gold pieces.

Inventory:

Hand Weapons
 u - a +0 dagger (weapon)
Missiles
 e - 36 stones (quivered)
 r - a throwing net
Armour
 a - a +0 robe (worn)
Jewellery
 p - a ring of ice (left hand)
 t - a ring of see invisible (right hand)
Scrolls
 f - a scroll of enchant weapon {unknown}
 i - a scroll of amnesia {unknown}
 k - 3 scrolls of identify {unknown}
 l - a scroll of teleportation {unknown}
 o - a scroll of remove curse {unknown}
 s - 3 scrolls of enchant armour {unknown}
 v - a scroll of fear {unknown}
Potions
 g - 2 potions of ambrosia {unknown}
 j - 2 potions of might {unknown}
 m - a potion of mutation {unknown}
 n - 2 potions of heal wounds {unknown}
 q - 2 potions of berserk rage {unknown}
Books
 b - a book of Conjurations

   Spells                             Type                      Level
   a - Magic Dart                     Conjuration                  1
   b - Searing Ray                    Conjuration                  2
   c - Dazzling Spray                 Conjuration/Hexes            3
   d - Fulminant Prism                Conjuration/Hexes            4
   e - Force Lance                    Conjuration/Translocation    4
   f - Iskenderun's Mystic Blast      Conjuration                  4
Comestibles
 c - 2 bread rations
 d - 3 meat rations
 h - a chunk of flesh


   Skills:
 - Level 2.0 Dodging
 - Level 1.9 Stealth
 + Level 2.9 Spellcasting
 + Level 4.6 Conjurations


You had 2 spell levels left.
You knew the following spells:

 Your Spells              Type           Power        Failure   Level  Hunger
a - Magic Dart            Conj           ###.         1%          1    None
b - Searing Ray           Conj           ###...       3%          2    ##.....
c - Dazzling Spray        Conj/Hex       ##....       16%         3    ###....


Dungeon Overview and Level Annotations

Branches:
Dungeon (3/15)


Innate Abilities, Weirdness & Mutations

You have an increased reservoir of magic. (+10% MP)


Message History

Aim: a gnoll, wielding a halberd (heavily wounded)
The magic dart hits the gnoll.
The gnoll is almost dead.
The frilled lizard hisses angrily.
The gnoll hits you from afar with a halberd!
Casting: Magic Dart
Confirm with . or Enter, or press ? or * to list all spells.
You don't have enough magic to cast that spell.
Unknown command.
A ball python comes into view.
The frilled lizard misses you.
Casting: Magic Dart
Confirm with . or Enter, or press ? or * to list all spells.
Aiming: Magic Dart
Press: ? - help, Shift-Dir - straight line, f/p - gnoll
Aim: a gnoll, wielding a halberd (almost dead)
The magic dart hits the frilled lizard.
You kill the frilled lizard!
The gnoll hits you from afar with a halberd!
You die...

########.#
.........#
..w......#
.........#
#.######g# #
#.# #.# .
#.########....
#..gg†@....#
#..........#
#..........#
...........S.+
###..........#
#..........#
############


You could see 2 gnolls and a ball python (sleeping).

Vanquished Creatures
  Terence (D:2)
  2 adders
  2 gnolls (D:3)
  An ooze (D:3)
  A dart slug (D:2)
  2 leopard geckos
  A ball python (D:1)
  6 bats
  5 goblins
  5 hobgoblins
  2 jackals (D:2)
  3 kobolds
  7 frilled lizards
  4 rats (D:2)
42 creatures vanquished.

Notes
Turn   | Place    | Note
-------+----------+-------------------------------------------
     0 | D:1      | Michaellaneous the Demigod Conjurer began the quest for the Orb.
     0 | D:1      | Reached XP level 1. HP: 14/14 MP: 5/5
   450 | D:1      | Reached XP level 2. HP: 20/20 MP: 5/7
   850 | D:1      | Learned a level 2 spell: Searing Ray
   858 | D:1      | Reached skill level 4 in Conjurations
  1287 | D:2      | Reached XP level 3. HP: 21/26 MP: 5/8
  1774 | D:2      | Noticed Terence
  1786 | D:2      | Learned a level 3 spell: Dazzling Spray
  1790 | D:2      | Killed Terence
  1790 | D:2      | Reached XP level 4. HP: 33/33 MP: 2/10
  2171 | D:3      | Slain by a gnoll

Skill      XL: |  1  2 |
---------------+-------+-----
Dodging        | 2 |  2.0
Spellcasting   | 2 |  2.9
Conjurations   | 4 |  4.6
Stealth        | |  1.9

Action                   |  1- 3 |  4- 6 || total
-------------------------+-------+-------++-------
Melee: Dagger            |     1 |       ||     1
 Cast: Magic Dart        |    50 |    11 ||    61
       Searing Ray       |     5 |     3 ||     8
       Dazzling Spray    |     1 |     1 ||     2
 Stab: Sleeping          |     1 |       ||     1
  Eat: Chunk             |     3 |     1 ||     4
Armor: Robe              |     2 |       ||     2
Dodge: Dodged            |     2 |     8 ||    10
